 Dungeon Crawl Stone Soup version 0.30-b1-2-g02819fbbbe (webtiles) character file.

Game seed: 4476702611541268167

16 funkygono the Trooper (level 2, 0/27 HPs)
             Began as a Minotaur Fighter on May 29, 2023.
             Slain by Sigmund
             ... wielding a +0 scythe of venom
              (5 damage)
             ... on level 2 of the Dungeon.
             The game lasted 00:01:37 (745 turns).

funkygono the Trooper (Minotaur Fighter)             Turns: 745, Time: 00:01:37

Health: 0/27       AC:  7    Str: 20    XL:     2   Next: 37%
Magic:  1/1        EV:  9    Int:  5    God:
Gold:   97         SH:  4    Dex:  9    Spells: 1/1 levels left

rFire   . . .        a - +0 war axe
rCold   . . .        c - +0 buckler
rNeg    . . .        b - +0 scale mail
rPois   .            (helmet restricted)
rElec   .            (no cloak)
rCorr   .            (no gloves)
SInv    .            (no boots)
Will    .....        (no amulet) Stlth
                     (no ring)
HPRegen 0.24/turn    (no ring)
MPRegen 0.07/turn

%: no passive effects
@: lethally poisoned (0 -> -10)
A: horns 2, retaliatory headbutt
a: no special abilities


You were on level 2 of the Dungeon.
You visited 1 branch of the dungeon, and saw 2 of its levels.

You collected 97 gold pieces.

Inventory:

Hand Weapons
 a - a +0 war axe (weapon)
Missiles
 g - a poisoned dart (quivered)
Armour
 b - a +0 scale mail (worn)
 c - a +0 buckler (worn)
Jewellery
 e - a ring of fire
Scrolls
 f - 2 scrolls of identify {unknown}
Potions
 d - 3 potions of might
 h - a potion of mutation {unknown}
 i - a potion of brilliance {unknown}
 k - a potion of attraction {unknown}
 l - a potion of curing {unknown}


   Skills:
 + Level 4.1 Fighting
 + Level 2.6 Axes
 + Level 3.9 Armour
 + Level 3.7 Shields


You had one spell level left.
You didn't know any spells.
Your spell library contained the following spells:

 Spells                   Type           Power      Damage    Failure   Level
 Beastly Appendage        Tmut           0%         N/A       88%         1
 Wereblood                Tmut           0%         N/A       95%         2
 Spider Form              Tmut/Pois      0%         N/A       99%         3


Dungeon Overview and Level Annotations

Branches:
Dungeon (2/15)

Altars:

Annotations:
D:2 Sigmund


Innate Abilities, Weirdness & Mutations

You have a pair of horns on your head.
You reflexively headbutt those who attack you in melee.


Message History

The bat barely misses you. x2
The bat closely misses you. You furiously retaliate!
You headbutt the bat.
You kill the bat!
Things that are here:
a +0 dagger; a kobold corpse Sigmund and a goblin come into view.
Sigmund is wielding a +0 scythe of venom.
Sigmund shouts!
The goblin shouts!
Sigmund mumbles some strange words.
Sigmund flickers and vanishes!
Deactivating autopickup; reactivate with Ctrl-A.
The teleport trap disappears.
The goblin disappears!
You are confused.
There is a stone staircase leading up here.
You climb upwards.
Reactivating autopickup.
There is a stone staircase leading down here.
You start waiting.
You feel less confused.
You climb downwards.
Level annotation: Sigmund
There is a stone staircase leading up here.
You hear some strange, mumbled words.
A puff of flame appears from out of thin air!
Deactivating autopickup; reactivate with Ctrl-A.
The puff of flame hits you.
You hit something but do no damage. Your headbutt misses something.
Something hits you.
You are poisoned.
You hit something. Your headbutt misses something.
You feel very sick. Something hits you.
You closely miss something. Your headbutt misses something.
You feel sick. Something hits you.
You are lethally poisoned!
You hit something. You headbutt something!
* * * LOW HITPOINT WARNING * * *
You feel very sick. Something hits you.
You die...

...#########
...........#####
...#######.{@.<#
...####..).....###
#...................
#####....)..........
##........######
#.......## #.......#
#.......# #########


There were no monsters in sight!

Vanquished Creatures
  A bat (D:2)
  4 endoplasms
  2 hobgoblins (D:1)
  A quokka (D:1)
  2 frilled lizards (D:1)
  2 kobolds
  3 rats (D:1)
15 creatures vanquished.

Notes
Turn   | Place    | Note
-------+----------+-------------------------------------------
     0 | D:1      | funkygono the Minotaur Fighter began the quest for the Orb.
     0 | D:1      | Reached XP level 1. HP: 19/19 MP: 0/0
   314 | D:1      | Reached skill level 4 in Fighting
   314 | D:1      | Reached XP level 2. HP: 27/27 MP: 1/1
   723 | D:2      | Noticed Sigmund
   745 | D:2      | Slain by Sigmund

Illustrated notes

Levels and vault maps discovered:
D:1:      onia_arrival_pyramid, layout_loops_ring
D:2:      layout_rooms, kennysheep_cross_room, uniq_jessica, uniq_sigmund

Skill      XL: |  1 |
---------------+----+-----
Fighting       | 4 |  4.1
Axes           | |  2.6
Armour         | |  3.9
Shields        | |  3.7

Action                     || total
---------------------------++-------
  Melee: War axe           ||    33
         Headbutt          ||     5
  Throw: Stone             ||    17
         Dart              ||     5
 Armour: Scale mail        ||    11
  Dodge: Dodged            ||    13
  Block: Buckler           ||     5
